Workbook

Sheet Building History
E1: v.2025-02-18
A6: Building history Questionnaire
A8: If you have sold a principal residence, please fill out our principal residence questionnaire instead.
A9: Please only fill in once, no need to fill every year.
A11: Name:
A12: Adress of the property:
A13: Purchase date:
A14: Description of property :
A15: Ownership percentage :
A16: Purchase related information | E16: Source of information (DO NOT supply the supporting documents unless specifically asked for) :
A17: Building purchase price | D17: $
A18: GST & QST rebate on new housing | D18: $
A19: Major works when buying | D19: $
A20: Welcome Tax | D20: $
A21: Inspector paid when buying | D21: $
A22: Evaluator paid when buying | D22: $
A23: Notary paid when buying | D23: $
A24: Miscelleanous expenses related to the purchase | D24: $
A25: (details please)
A27: CMHC paid when buying* | D27: $
A29: Municipal evaluation breakdown (when you bought the property if possible. If not possible, provide a recent evaluation)
A30: You must separate land and building
A31: Land | D31: $
A32: Building | D32: $
A33: The municipal evaluations are usually easily found online on municipality websites.
A35: Disposition related information
A36: Sale date
A37: Sale price / merchant value at time of death | D37: $
A38: Real estate agent commissions | D38: $
A39: Certificate of localisation | D39: $
A40: Notary fees | D40: $
A41: **Furniture included in the sale (comments below) | D41: $
A42: Others sale expenses (details) | D42: $
A44: Mortgage penalties when selling | D44: $
A46: Capital expenses
A47: Did you made any renovations expenses which were improvements, that we also call capital expenses?
E48: YES
E49: NO
A50: If yes, please provide the amount for each year you had the building in possession.
A51: These expenses, if any, shouldn't have been deducted of the rental income of the year they were done.
A53: Principal residence designation
A54: Did the personnal use percentage of the building changed during the years ?
E55: YES
E56: NO
A57: If yes, please provide history.
A59: Recapture of capital cost allowance
A60: Have you ever claimed depreciation on the property ? | E60: YES
E61: NO
A62: If yes, confirm the fiscal depreciation expenses that were taken for each possession year.
A64: Co-ownership changes
A65: Did you own the same percentage of this property at any time ? | E65: YES
A66: If not, please provide an history. | E66: NO
A68: *CMHC
A69: CMHC is Canada Mortgage and Housing Corporation
A70: In Canada, mortgage without a minimum downpayment must be insured by CMHC.
A71: For example, a personal residence must be insured if the downpayment is less than 20% of the value of the house.
A72: CMHC is usually added to the mortgage by the financial institution granting the mortgage.
A73: The amount you have to provide us also includes a tax which is calculated separately and paid directly by the buyer.
A74: Your financial institution can provide you this amount
A76: **Furniture included in salesprice
A77: The furniture included in the salesprices should not be furniture that were already included in the purchase of the property.
A78: To be able to capitalize this expense, it must be specified in the sales agreement that the furnitures are included in the sale.
A79: You must have the invoices of these furnitures in case of audit.
A80: The fair market value of the furniture at the moment of sale must be used.

Sheet Calculations
B1: Name : | C1: ='Building History'!B11 -> 0
B2: ADRESS : | C2: ='Building History'!B12 -> 0
C3: ='Building History'!B14 -> 0
A4: INFORMATIONS RÉLIÉES À l'ACHAT
B5: Achat - date exacte | C5: ='Building History'!B13 -> 0 | G5: terrain | H5: Bâtiment | I5: Contrôle
B6: Achat - année seulement | C6: 2003
D7: Source
B8: Prix immeuble | C8: ='Building History'!C17 -> 0 | D8: 0 | G8: =C8*$D$32 -> #DIV/0! | H8: =$D$33*C8 -> #DIV/0! | I8: =C8-G8-H8 -> #DIV/0!
B9: Travaux lors de l'achat | C9: ='Building History'!C19 -> 0 | D9: 0 | G9: 0 | H9: =C9 -> 0 | I9: =C9-G9-H9 -> 0
B10: Taxe bienvenue | C10: ='Building History'!C20 -> 0 | D10: 0 | G10: =C10*$D$32 -> #DIV/0! | H10: =$D$33*C10 -> #DIV/0! | I10: =C10-G10-H10 -> #DIV/0!
B11: Inspecteur | C11: ='Building History'!C21 -> 0 | D11: 0 | G11: =C11*$D$32 -> #DIV/0! | H11: =$D$33*C11 -> #DIV/0! | I11: =C11-G11-H11 -> #DIV/0!
B12: Évaluateur | C12: ='Building History'!C22 -> 0 | D12: 0 | G12: =C12*$D$32 -> #DIV/0! | H12: =$D$33*C12 -> #DIV/0! | I12: =C12-G12-H12 -> #DIV/0!
B13: Notaire | C13: ='Building History'!C23 -> 0 | D13: 0 | G13: =C13*$D$32 -> #DIV/0! | H13: =$D$33*C13 -> #DIV/0! | I13: =C13-G13-H13 -> #DIV/0!
B14: Autres dépenses d'achat | C14: ='Building History'!C24 -> 0 | D14: 0 | G14: =C14*$D$32 -> #DIV/0! | H14: =$D$33*C14 -> #DIV/0! | I14: =C14-G14-H14 -> #DIV/0!
B15: Dépenses capitalisées | H15: =C15 -> 0 | I15: =C15-G15-H15 -> 0
B16: PBR | E16: =SUM(C8:C14) -> 0 | G16: =SUM(G8:G15) -> #DIV/0! | H16: =SUM(H8:H15) -> #DIV/0! | I16: =E16-G16-H16 -> #DIV/0!
B18: SCHL | D18: ='Building History'!C27 -> 0 | E18: ÀCONFIRMER | G18: amorti linéaire sur 5 ans dans le revenu locatif courant
B19: =C6 -> 2003 | C19: 0.2 | D19: =C19*$D$18 -> 0 | G19: si vente avant les 5 ans, le solde non amorti est réclamé sur l'année de la vente
B20: =B19+1 -> 2004 | C20: 0.2 | D20: =C20*$D$18 -> 0
B21: =B20+1 -> 2005 | C21: 0.2 | D21: =C21*$D$18 -> 0
B22: =B21+1 -> 2006 | C22: 0.2 | D22: =C22*$D$18 -> 0
B23: =B22+1 -> 2007 | C23: 0.2 | D23: =C23*$D$18 -> 0
C24: =SUM(C19:C23) -> 1
A25: INFORMATIONS DURANT LA DÉTENTION
B27: Pénalité bris hypothèque | C27: 0 | D27: Doit être réparti sur la durée du terme restant, dans le revenu locatif courant
B30: Année de l'évaluation | C30: 2013
B31: Évaluation municipale | C31: =C33+C32 -> 0
B32: Terrain | C32: ='Building History'!C31 -> 0 | D32: =C32/C31 -> #DIV/0!
B33: Batiment | C33: ='Building History'!C32 -> 0 | D33: =C33/C31 -> #DIV/0!
D35: Dépenses en capital
C36: Amortissement pris | D36: Portion perso | E36: Portion locative | F36: Total
B37: =B19 -> 2003
B38: =B20 -> 2004
B39: =B21 -> 2005
B40: =B22 -> 2006
B41: =B23 -> 2007
B44: Changements d'usages
A46: INFORMATIONS RÉLIÉES À la VENTE
B48: Vente | C48: ='Building History'!C36 -> 0
B49: Produit de disposition | D49: À CONFIRMER | E49: ='Building History'!C37 -> 0
B51: Frais de vente
B52: frais commission | C52: ='Building History'!C38 -> 0 | D52: À CONFIRMER
B53: notaires et autres | C53: ='Building History'!C40 -> 0 | D53: À CONFIRMER
B54: Others sale expenses (details) | C54: ='Building History'!C42 -> 0 | D54: À CONFIRMER
B55: Furniture included in sale | C55: ='Building History'!C41 -> 0 | D55: À CONFIRMER
B56: certificat de localisation | C56: ='Building History'!C41 -> 0 | D56: À CONFIRMER
B57: Total frais de vente | E57: =SUM(C52:C56) -> 0
D59: Gain en capital | E59: =E49-E57-E16 -> 0 | G59: Commentaires
D60: Portion exemptée selon Tp274 | E60: 0 | G60: dépends du nombre d'année ou on peut qualifier la résidence de résidence principale
D61: Solde | E61: =E59-E60 -> 0
D62: Portion copropriété | E62: =F62*E61 -> 0 | F62: 1 | G62: si seul propriétaire (pas copropriétaire)
D63: Gain en capital imposable | E63: =F63*E62 -> 0 | F63: 0.5 | G63: la moitié des gains en capitaux sont imposables selon la loi
D64: Récupération d'amortissement
D65: Total revenu imposable lié à la vente | E65: =E63+E64 -> 0
D66: Impôt approximatif | E66: =F66*E65 -> 0 | F66: 0.384 | G66: Hypothèse du taux marginal à ce moment
